 Dungeon Crawl Stone Soup version 0.31.0-11-ge490571c62 (webtiles) character file.

Game seed: 1519128817923961789

33 Curundu the Chopper (level 3, -2/49 HPs)
             Began as a Minotaur Berserker on Jan 28, 2024.
             Was a Follower of Trog.
             Slain by Natasha (6 damage)
             ... on level 2 of the Dungeon.
             The game lasted 00:03:47 (1292 turns).

Curundu the Chopper (Minotaur Berserker)            Turns: 1292, Time: 00:03:50

Health: -2/49      AC:  4    Str: 23    XL:     3   Next: 12%
Magic:  2/2        EV: 11    Int:  4    God:    Trog [*.....]
Gold:   90         SH:  3    Dex:  9    Spells: 2/2 levels left

rFire   . . .        a - +0 hand axe
rCold   . . .        h - +0 buckler
rNeg    . . .        b - +0 animal skin
rPois   .            (helmet restricted)
rElec   .            n - +0 cloak
rCorr   .            (no gloves)
SInv    .            i - +0 pair of boots
Will    ++...        (no amulet) Stlth
                     (no ring)
HPRegen 1.28/turn    (no ring)
MPRegen 0.08/turn

%: no passive effects
@: berserking, strong-willed, regenerating, slowed
A: horns 2, retaliatory headbutt
a: Renounce Religion, Berserk


You were on level 2 of the Dungeon.
You worshipped Trog.
Trog was aware of your devotion.
You visited 1 branch of the dungeon, and saw 2 of its levels.

You collected 90 gold pieces.

Inventory:

Hand Weapons
 a - a +0 hand axe (weapon)
Armour
 b - a +0 animal skin (worn)
 h - a +0 buckler (worn)
 i - a +0 pair of boots (worn)
 n - a +0 cloak (worn)
Scrolls
 c - a scroll of enchant armour {unknown}
 f - a scroll of butterflies {unknown}
 g - a scroll of blinking {unknown}
 j - 2 scrolls of identify {unknown}
 l - a scroll of fog {unknown}
 m - a scroll of fear {unknown}
Potions
 d - 3 potions of mutation {unknown}
 e - 2 potions of invisibility {unknown}
 k - a potion of might {unknown}


   Skills:
 + Level 4.1 Fighting
 + Level 4.3 Axes
 + Level 2.6 Armour
 + Level 2.3 Dodging
 * Level 1.0 Shields


You had 2 spell levels left.
You didn't know any spells.
Your spell library was empty.

Dungeon Overview and Level Annotations

Branches:
Dungeon (2/15)

Altars:

Shops:
D:1 (

Annotations:
D:2 Natasha


Innate Abilities, Weirdness & Mutations

You have a pair of horns on your head.
You reflexively headbutt those who attack you in melee.


Message History

You barely miss Natasha. Your headbutt misses Natasha.
You block Natasha's attack. Natasha barely misses you.
You barely miss Natasha. Natasha barely misses you.
You hit Natasha but do no damage.
Natasha mumbles some strange words.
Natasha mewls in sadness.
Natasha claws you.
You closely miss Natasha.
Natasha stares at you and mumbles some strange words.
You resist with significant effort.
The cerulean imp hits you from afar with a +1 spear.
Natasha closely misses you.
You slash Natasha!
Natasha is heavily wounded.
The cerulean imp hits you from afar with a +1 spear.
Natasha closely misses you.
The cerulean imp hits you from afar with a +1 spear.
You hit Natasha. Your headbutt misses Natasha.
Natasha is heavily wounded.
Natasha claws you. The cerulean imp barely misses you.
Natasha casts a spell at you. The magic dart hits you.
* * * LOW HITPOINT WARNING * * *
The cerulean imp hits you but does no damage.
Your skin crawls.
You feel strong-willed.
You can no longer call upon Trog for regeneration and willpower.
Natasha growls.
Natasha misses you.
The cerulean imp hits you from afar with a +1 spear.
* * * LOW HITPOINT WARNING * * *
Natasha claws you.
* * * LOW HITPOINT WARNING * * *
A red film seems to cover your vision as you go berserk!
You feel yourself moving faster!
You feel mighty!
The cerulean imp hits you from afar with a +1 spear.
* * * LOW HITPOINT WARNING * * *
Natasha claws you.
You die...
Natasha curls up and begins to purr.

######## #....<.# #
# #.####.#
....#.########.#
#.#
#....@.......####.#
#....h#####.......#
##.5.## ##......#
.....# #####.##
####. #.# #. #.# #
#.# #.## ####..#


You could see Natasha and a cerulean imp (summoned).

Vanquished Creatures
  A dart slug (D:1)
  A ribbon worm (D:2)
  2 ball pythons (D:1)
  2 bats
  2 endoplasms (D:1)
  A giant cockroach (D:1)
  4 goblins
  2 hobgoblins
  5 jackals (D:1)
  A quokka (D:1)
  A frilled lizard (D:1)
  2 rats (D:1)
24 creatures vanquished.

Notes
Turn   | Place    | Note
-------+----------+-------------------------------------------
     0 | D:1      | Curundu the Minotaur Berserker began the quest for the Orb.
     0 | D:1      | Reached XP level 1. HP: 19/19 MP: 0/0
    35 | D:1      | Reached XP level 2. HP: 11/27 MP: 1/1
   742 | D:1      | Found Duolupn's Antique Weapon Shop.
   973 | D:2      | Reached XP level 3. HP: 33/33 MP: 2/2
  1049 | D:2      | Reached ** piety under Trog
  1165 | D:2      | Reached skill level 1 in Shields
  1280 | D:2      | Noticed Natasha
  1292 | D:2      | Slain by Natasha

Illustrated notes

Levels and vault maps discovered:
D:1:      wander_arrival_chamber, layout_basic, serial_shops, shop
D:2:      layout_loops_corners, chequers_serial_rivers_room_a, uniq_natasha

Skill      XL: |  1  2  3 |
---------------+----------+-----
Fighting       | 4 |  4.1
Axes           | 4 |  4.3
Shields        | 1 |  1.0
Armour         | |  2.6
Dodging        | |  2.3

Action                     || total
---------------------------++-------
  Melee: Hand axe          ||    61
         Headbutt          ||     6
 Invoke: Berserk           ||     1
         Trog's Hand       ||     1
 Armour: Animal skin       ||    46
  Dodge: Dodged            ||    47
  Block: Buckler           ||     2
